 Dungeon Crawl Stone Soup version 0.24-a0-132-ge4b1dce (console) character file.

Game seed: 616173487676081651

8 Duffy the Chopper (level 2, -1/26 HPs)
             Began as a Naga Gladiator on Feb 27, 2019.
             Slain by a kobold
             ... wielding a +0 short sword of venom
              (2 damage)
             ... on level 1 of the Dungeon.
             The game lasted 00:00:18 (517 turns).

Duffy the Chopper (Naga Gladiator)                   Turns: 517, Time: 00:00:19

Health: -1/26      AC:  3    Str: 16    XL:     2   Next: 8%
Magic:  2/2        EV: 10    Int:  8    God:
Gold:   8          SH:  0    Dex: 12    Spells: 1/1 levels left

rFire    . . .     SeeInvis +   a - +0 war axe
rCold    . . .     Gourm    .   (no shield)
rNeg     . . .     Faith    .   b - +0 leather armour
rPois    +         Spirit   .   c - +0 helmet
rElec    .         Reflect  .   (no cloak)
rCorr    .         Harm     .   (no gloves)
MR       .....                  (no barding)
Stlth    +.........             (no amulet)
HPRegen  0.08/turn              (no ring)
MPRegen  0.08/turn              (no ring)

@: lethally poisoned (-1 -> -13), very slow
A: large, see invisible, deformed body, poison resistance, slowness 2, slow
metabolism 1, spit poison 1, AC +0
a: Spit Poison


You were on level 1 of the Dungeon.
You were not hungry.

You visited 1 branch of the dungeon, and saw 1 of its levels.

You collected 8 gold pieces.

Inventory:

Hand Weapons
 a - a +0 war axe (weapon)
Missiles
 d - 3 throwing nets (quivered)
Armour
 b - a +0 leather armour (worn)
 c - a +0 helmet (worn)
Scrolls
 e - a scroll of magic mapping {unknown}
 h - a scroll of fear {unknown}
Potions
 i - a potion of lignification {unknown}
Comestibles
 f - a ration


   Skills:
 - Level 2.0 Fighting
 + Level 3.5 Axes
 - Level 1.7 Throwing
 - Level 2.4 Dodging


You had one spell level left.
You didn't know any spells.
Your spell library was empty.

Dungeon Overview and Level Annotations

Branches:
Dungeon (1/15)

Altars:


Innate Abilities, Weirdness & Mutations

You cannot wear boots.
Your serpentine skin is tough. (AC +0)
You have supernaturally acute eyesight. (SInv)
Armour fits poorly on your strangely shaped body.
Your system is resistant to poisons. (rPois)
You cover ground very slowly.
You have a slow metabolism.
You can spit poison.


Message History

Aim: a kobold, wielding a +0 short sword of venom (moderately wounded)
The splash of poison misses the kobold.
The splash of poison misses the giant cockroach.
You feel slightly more hungry.
You feel sick. The kobold closely misses you.
You closely miss the kobold.
The kobold is moderately wounded.
You feel sick.
The kobold hits you with a +0 short sword of venom.
You barely miss the kobold.
The kobold is moderately wounded.
You have got your breath back.
You feel sick. The kobold barely misses you.
You barely miss the kobold.
The kobold is moderately wounded.
You feel sick. The kobold barely misses you. x2
You barely miss the kobold.
The kobold is moderately wounded.
You feel sick.
The kobold hits you with a +0 short sword of venom.
You die...

#.# #.# #.# #.#
... #s# #K# #@##
#..# # 7#.# #.
#7.~7
#.77##7.7.7777~
#~...........7
#7..)........7 #.#
7..#######..# #.#
###77..#.....#..77
#. #.#


You could see a giant cockroach and a kobold.

Vanquished Creatures
  A giant cockroach (D:1)
  A hobgoblin (D:1)
  2 jackals (D:1)
  A kobold (D:1)
  2 frilled lizards (D:1)
7 creatures vanquished.

Notes
Turn   | Place    | Note
-------+----------+-------------------------------------------
     0 | D:1      | Duffy the Naga Gladiator began the quest for the Orb.
     0 | D:1      | Reached XP level 1. HP: 19/19 MP: 1/1
   308 | D:1      | Reached XP level 2. HP: 26/26 MP: 2/2
   516 | D:1      | HP: 1/26 [poisoned by a kobold]
   517 | D:1      | Slain by a kobold

Levels and vault maps discovered:
D:1:      saegor_arrival_under_anarchy, layout_loops_ring, minmay_tripent

Action                   || total
-------------------------++-------
Melee: War axe           ||    25
 Abil: Spit Poison       ||     1
Armor: Leather armour    ||     3
Dodge: Dodged            ||    10

Table legend:
 A = Non-vault XP
 B = Vault XP
 C = Vault XP percentage of total XP
 D = Non-vault monster count
 E = Vault monster count
 F = Vault count percentage of total count
                 A         B        C        D         E       F
            +---------+---------+-------+---------+---------+-------
      Total |      12 |       0 |   0.0 |       7 |       0 |   0.0
            +---------+---------+-------+---------+---------+-------
        D:1 |      12 |       0 |   0.0 |       7 |       0 |   0.0
            +---------+---------+-------+---------+---------+-------
